 Dungeon Crawl Stone Soup version 0.24.0-28-g17ded55e90 (webtiles) character file.

Game seed: 4621634275853807585, levelgen mode: deterministic

340 Nattfarinn the Sneak (level 6, -3/31 HPs)
             Began as a Kobold Conjurer on Nov 13, 2019.
             Killed by nerve-wracking pain
             ... invoked by an orc priest
              (8 damage)
             ... on level 4 of the Dungeon.
             The game lasted 00:06:54 (3661 turns).

Nattfarinn the Sneak (Kobold Conjurer)              Turns: 3661, Time: 00:06:55

Health: -3/31      AC:  2    Str:  5    XL:     6   Next: 86%
Magic:  5/10       EV: 16    Int: 19    God:
Gold:   124        SH:  0    Dex: 15    Spells: 11/12 levels left

rFire    . . .     SeeInvis .   l - +2 dagger (flame)
rCold    . . .     Gourm    .   (shield restricted)
rNeg     . . .     Faith    .   a - +0 robe
rPois    .         Spirit   .   (helmet restricted)
rElec    .         Reflect  .   (no cloak)
rCorr    .         Harm     .   (no gloves)
MR       .....                  (no boots)
Stlth    +++.......             (no amulet)
HPRegen  0.10/turn              (no ring)
MPRegen  0.12/turn              (no ring)

@: no status effects
A: small, horns 1, carnivore, frail 1, low mp 1, screaming 1
a: no special abilities


You were on level 4 of the Dungeon.
You were completely stuffed.

You visited 1 branch of the dungeon, and saw 4 of its levels.

You collected 124 gold pieces.

Inventory:

Hand Weapons
 d - a +0 whip
 l - a +2 dagger of flaming (weapon)
Armour
 a - a +0 robe (worn)
Jewellery
 b - a cursed ring of teleportation {unknown}
Scrolls
 f - 4 scrolls of teleportation {unknown}
 g - 3 scrolls of fog {unknown}
 h - 2 scrolls of enchant weapon {unknown}
 i - 6 scrolls of identify {unknown}
 m - 2 scrolls of fear {unknown}
 n - a scroll of remove curse {unknown}
 o - a scroll of immolation {unknown}
 p - a scroll of blinking {unknown}
Potions
 k - a potion of curing {unknown}
Comestibles
 c - 4 rations
 j - 3 chunks of flesh


   Skills:
 - Level 2.3 Fighting
 - Level 3.6 Dodging
 * Level 6.9 Stealth
 - Level 3.8 Spellcasting
 - Level 4.0 Conjurations


You had 11 spell levels left.
You knew the following spells:

 Your Spells              Type           Power        Failure   Level  Hunger
a - Magic Dart            Conj           ###.         2%          1    None

Your spell library contained the following spells:

 Spells                   Type           Power        Failure   Level  Hunger
 Searing Ray              Conj           ###...       4%          2    ##.....
 Dazzling Spray           Conj/Hex       ##....       19%         3    ###....
 Iskenderun's Mystic Bla  Conj           ###.....     26%         4    ####...
 Force Lance              Conj/Tloc      ##......     52%         4    ####...
 Fulminant Prism          Conj/Hex       ##........   52%         4    ####...


Dungeon Overview and Level Annotations

Branches:
Dungeon (4/15)
 Temple: D:4-7

Altars:
Cheibriados
Elyvilon
Gozag
Uskayaw


Innate Abilities, Weirdness & Mutations

You are small and have problems with some larger weapons.
You are carnivorous and can eat meat at any time.
You have a pair of small horns on your head.
You are frail. (-10% HP)
Your magical capacity is low. (-10% MP)
You occasionally shout uncontrollably at your foes.


Message History

You closely miss something. Something barely misses you.
You barely miss something. You headbutt something. Something hits you.
* * * LOW HITPOINT WARNING * * *
You hit something but do no damage. Something barely misses you.
You barely miss something.
You hear some strange, mumbled words.
A puff of flame appears from out of thin air!
The puff of flame misses you.
You hit something. You burn something. You headbutt something.
Reactivating autopickup.
You feel a bit more experienced.
You barely miss the orc. You headbutt the orc.
You kill the orc!
You barely miss the orc priest. The orc priest misses you.
You closely miss the orc priest. The orc priest closely misses you.
You hit the orc priest. You burn the orc priest.
The orc priest is heavily wounded.
The orc priest calls down the wrath of Beogh upon you.
Pain shoots through your body!
You die...

. .. ... #... #....
#.....####
......o@)#
##..####.## #..#
##.# ### #.#
#######.### #.#
.......<..###.### #
................##.#
........>..##......#


You could see an orc priest.

Vanquished Creatures
  An ogre (D:4)
  A centaur (D:3)
  A crimson imp (D:2)
  An orc wizard (D:4)
  2 adders (D:2)
  3 oozes
  An adder skeleton (D:3)
  2 worms
  2 dart slugs
  2 leopard geckos
  5 orcs
  9 bats
  3 giant cockroaches
  11 goblins
  4 hobgoblins
  4 kobolds
  2 quokkas
  2 ball pythons
  5 frilled lizards
  6 rats
67 creatures vanquished.

Notes
Turn   | Place    | Note
-------+----------+-------------------------------------------
     0 | D:1      | Nattfarinn the Kobold Conjurer began the quest for the Orb.
     0 | D:1      | Reached XP level 1. HP: 10/10 MP: 3/3
   435 | D:1      | Reached XP level 2. HP: 13/16 MP: 0/5
   741 | D:1      | Reached skill level 1 in Fighting
   741 | D:1      | Reached XP level 3. HP: 20/20 MP: 1/7
  1850 | D:2      | Reached XP level 4. HP: 25/25 MP: 3/8
  2614 | D:2      | Reached XP level 5. HP: 30/30 MP: 10/10
  2756 | D:3      | Found a hide-covered altar of Uskayaw.
  2884 | D:3      | Found a snail-covered altar of Cheibriados.
  2945 | D:3      | Reached skill level 3 in Stealth
  3223 | D:3      | Found an opulent altar of Gozag.
  3224 | D:3      | Found a white marble altar of Elyvilon.
  3289 | D:3      | Noticed a centaur
  3311 | D:3      | Killed a centaur
  3311 | D:3      | Reached skill level 5 in Stealth
  3311 | D:3      | Reached XP level 6. HP: 17/35 MP: 1/11
  3591 | D:4      | Noticed an ogre
  3599 | D:4      | Killed an ogre
  3599 | D:4      | Reached skill level 6 in Stealth
  3648 | D:4      | Gained mutation: You occasionally shout uncontrollably at
                  | your foes. [potion of mutation]
  3648 | D:4      | Gained mutation: You are frail. (-10% HP) [potion of
                  | mutation]
  3648 | D:4      | Gained mutation: Your magical capacity is low. (-10% MP)
                  | [potion of mutation]
  3648 | D:4      | Gained mutation: You have a pair of small horns on your
                  | head. [potion of mutation]
  3661 | D:4      | Killed from afar by an orc priest

Levels and vault maps discovered:
D:1:      dpeg_arrival_chase, layout_loops_ring
D:2:      layout_basic, first_ration
D:3:      layout_basic, nicolae_overflow_hidden_temple,
          gammafunk_temple_overflow_forgotten
D:4:      layout_rooms, palyth_stone_intersect, minmay_misc_feat_alley,
          minivault_4, chequers_serial_rivers_large_b,
          nicolae_gozag_seed_capital

Skill      XL: |  1  2  3  4  5  6 |
---------------+-------------------+-----
Fighting       | 1 2 |  2.3
Spellcasting   | 3 |  3.8
Dodging        | 3 |  3.6
Stealth        | 5 6 |  6.9
Conjurations   | |  4.0

Action                   |  1- 3 |  4- 6 || total
-------------------------+-------+-------++-------
Melee: Unarmed           |    12 |       ||    12
       Dagger            |       |    59 ||    59
       Whip              |       |     2 ||     2
       Headbutt          |       |     3 ||     3
 Cast: Magic Dart        |    74 |    71 ||   145
  Use: Potion            |       |     1 ||     1
 Stab: Sleeping          |       |     7 ||     7
  Eat: Chunk             |    11 |     6 ||    17
Armor: Robe              |    11 |    12 ||    23
Dodge: Dodged            |    40 |    68 ||   108
